 Dungeon Crawl Stone Soup version 0.21.1-1-g345015f (webtiles) character file.

42 inc the Ducker (level 3, -2/14 HPs)
             Began as a Felid Ice Elementalist on Mar 7, 2018.
             Was a Believer of Jiyva.
             Slain by a gnoll
             ... wielding a +0 spear
              (9 damage)
             ... on level 4 of the Dungeon.
             The game lasted 00:06:09 (3563 turns).

inc the Ducker (Felid Ice Elementalist)             Turns: 3563, Time: 00:06:10

Health: -2/14      AC:  1    Str:  7    XL:     3   Next: 35%
Magic:  7/7        EV: 21    Int: 15    God:    Jiyva [**....]
Gold:   149        SH:  0    Dex: 15    Spells: 5/6 levels left
                                        Lives:  0   Deaths: 1

rFire    . . .     SeeInvis +   (weapon unavailable)
rCold    . . .     Gourm    .   (shield unavailable)
rNeg     . . .     Faith    .   (armour unavailable)
rPois    .         Spirit   .   (helmet unavailable)
rElec    .         Reflect  .   (cloak unavailable)
rCorr    .         Harm     .   (gloves unavailable)
MR       .....                  (boots unavailable)
Stlth    ++........             (no amulet)
HPRegen  0.04/turn              (no ring)
MPRegen  0.10/turn              (no ring)

@: flying, quick
A: very small, no armour, no weapons or thrown items, stealth, claws 1, fangs 3,
see invisible, carnivore, speed 1, shaggy fur 1, slow metabolism 1, sharp paws
a: Request Jelly, Renounce Religion


You were on level 4 of the Dungeon.
You worshipped Jiyva.
Jiyva was pleased with you.
You were not hungry.

You visited 2 branches of the dungeon, and saw 5 of its levels.

You collected 149 gold pieces.

Inventory:

Scrolls
 e - 5 scrolls of remove curse
 f - a scroll of teleportation {unknown}
 g - 7 scrolls of identify {unknown}
 h - a scroll of immolation {unknown}
 j - a scroll of fog
 k - a scroll of enchant armour {unknown}
 l - a scroll of magic mapping {unknown}
 m - a scroll of enchant weapon {unknown}
Potions
 c - a potion of curing
 d - 2 potions of magic
Books
 a - a book of Frost

   Spells                             Type                      Level
   a - Freeze                         Ice                          1
   b - Throw Frost                    Conjuration/Ice              2
   c - Ozocubu's Armour               Charms/Ice                   3
   d - Throw Icicle                   Conjuration/Ice              4
   e - Summon Ice Beast               Ice/Summoning                4
Comestibles
 b - 3 rations


   Skills:
 - Level 6.0 Dodging
 - Level 2.6 Stealth
 + Level 0.7 Unarmed Combat
 - Level 2.0 Spellcasting
   Level 0.8 Conjurations
 - Level 2.6 Ice Magic


You had 5 spell levels left.
You knew the following spells:

 Your Spells              Type           Power        Failure   Level  Hunger
a - Freeze                Ice            #...         8%          1    #......


Dungeon Overview and Level Annotations

Branches:
Dungeon (4/15)             Temple (1/1) D:4

Altars:
Cheibriados
Elyvilon
Fedhas
Gozag
Makhleb
Nemelex Xobeh
Okawaru
Ru
Sif Muna
Trog
Uskayaw
Vehumet
Wu Jian
Yredelemnul
Zin
The Shining One
Jiyva


Innate Abilities, Weirdness & Mutations

You cannot wear armour.
You are incapable of wielding weapons or throwing items.
Your paws allow you to move quietly. (Stealth)
You have sharp claws.
You have razor-sharp teeth.
You have supernaturally acute eyesight. (SInv)
You are carnivorous and can eat meat at any time.
You cover ground quickly.
You are covered in fur. (AC +1)
You have a slow metabolism.
Your sharp claws are effective at attacking unaware monsters.


Message History

A gnoll comes into view. It is wielding a halberd.
The gnoll shouts! x2
It was a potion of flight.
You feel very buoyant.
You fly up into the air.
Okay, then.
As you read the scroll labeled URELON USSURR, it crumbles to dust.
You feel blessed for a moment.
It was a scroll of remove curse.
As you read the scroll labeled YGUAPN VUASA, it crumbles to dust.
The scroll dissolves into smoke.
It was a scroll of fog.
The gnoll completely misses you. The gnoll misses you.
The gnoll completely misses you.
The gnoll hits you from afar with a halberd!
Ouch! That really hurt!
The gnoll completely misses you. The gnoll closely misses you.
The gnoll shouts!
The gnoll hits you from afar with a spear!
Ouch! That really hurt!
You die...

###.##.....##..#
#...####g####..#
#..g..........#
#.###..##.....#
.........#..g..#
...........#.....#
............#.....#
.. .........#§§.§.#
. .........#@§§§.#
.........#§§g§g#
.........#§§g§§####
#§§g§§§§§#
##########


You could see 3 gnolls.

Vanquished Creatures
  A bullfrog skeleton (D:3)
  2 adders (D:2)
  A worm (D:2)
  A leopard gecko (D:4)
  2 orcs (D:4)
  A ball python (D:1)
  6 hobgoblins
  2 jackals (D:4)
  3 quokkas (D:2)
  7 bats
  4 frilled lizards
  8 goblins
  3 kobolds
  3 rats
44 creatures vanquished.

Vanquished Creatures (others)
  2 adders
  An ooze (D:3)
  A dart slug (D:3)
  A leopard gecko (D:2)
  5 orcs (D:3)
  A giant cockroach (D:2)
  2 goblins
  2 kobolds (D:2)
  4 rats
19 creatures vanquished.

Grand Total: 63 creatures vanquished

Notes
Turn   | Place    | Note
-------+----------+-------------------------------------------
     0 | D:1      | inc the Felid Ice Elementalist began the quest for the Orb.
     0 | D:1      | Reached XP level 1. HP: 7/7 MP: 4/4
   163 | D:1      | Reached skill level 3 in Dodging
   486 | D:1      | Reached XP level 2. HP: 11/11 MP: 0/6
   699 | D:1      | Reached skill level 4 in Dodging
  1174 | D:2      | Reached XP level 3. HP: 9/14 MP: 2/7
  1281 | D:2      | Found a bloodstained altar of Trog.
  1473 | D:4      | Found a staircase to the Ecumenical Temple.
  1486 | Temple   | Entered the Ecumenical Temple
  1535 | Temple   | Became a worshipper of Jiyva Jeoblon the Shapeless
  1823 | D:2      | Reached skill level 5 in Dodging
  1974 | D:2      | Reached * piety under Jiyva
  2780 | D:3      | Found a glowing silver altar of Zin.
  2781 | D:3      | Noticed an angel
  2834 | D:3      | Reached skill level 6 in Dodging
  2834 | D:3      | Reached XP level 4. HP: 12/18 MP: 8/8
  2849 | D:3      | Reached ** piety under Jiyva
  2929 | D:3      | Found a white marble altar of Elyvilon.
  3211 | D:3      | Found a deep blue altar of Sif Muna.
  3511 | D:4      | Slain by an orc wizard
  3512 | D:4      | Reached XP level 3. HP: -3/14 MP: 5/7
  3516 | D:4      | Noticed a two-headed ogre
  3520 | D:4      | Found a hide-covered altar of Uskayaw.
  3563 | D:4      | Slain by a gnoll

Skill      XL: |  1  2  3 |
---------------+----------+-----
Dodging        | 3 4 6 |  6.0
Stealth        | |  2.6
Unarmed Combat | |  0.7
Spellcasting   | |  2.0
Conjurations   | |  0.8
Ice Magic      | |  2.6

Action                   |  1- 3 |  4- 6 || total
-------------------------+-------+-------++-------
Melee: Unarmed           |    50 |     7 ||    57
       Bite              |     4 |       ||     4
 Cast: Freeze            |    49 |    10 ||    59
Invok: Request Jelly     |     1 |       ||     1
  Use: Potion            |     3 |     1 ||     4
       Scroll            |     2 |       ||     2
 Stab: Sleeping          |    12 |       ||    12
  Eat: Chunk             |     2 |     4 ||     6
Armor: Skin              |     2 |       ||     2
Dodge: Dodged            |    86 |    11 ||    97
